 Dungeon Crawl Stone Soup version 0.30.0-30-g96aa6591b8 (webtiles) character file.

Game seed: 2886399734836740538

32 Peloso the Trooper (level 3, -3/33 HPs)
             Began as a Minotaur Fighter on June 30, 2023.
             Succumbed to a goblin's poison
             ... on level 2 of the Dungeon.
             The game lasted 00:00:52 (482 turns).

Peloso the Trooper (Minotaur Fighter)                Turns: 482, Time: 00:00:52

Health: -3/33      AC:  7    Str: 20    XL:     3   Next: 8%
Magic:  2/2        EV:  9    Int:  5    God:
Gold:   22         SH:  5    Dex: 17    Spells: 2/2 levels left

rFire   . . .        a - +0 long sword
rCold   . . .        g - +0 buckler
rNeg    . . .        c - +0 scale mail
rPois   .            (helmet restricted)
rElec   .            (no cloak)
rCorr   .            (no gloves)
SInv    .            (no boots)
Will    .....        (no amulet) Stlth
                     f - +6 ring of dexterity
HPRegen 0.25/turn    (no ring)
MPRegen 0.08/turn

%: no passive effects
@: lethally poisoned (-3 -> -20)
A: horns 2, retaliatory headbutt
a: no special abilities


You were on level 2 of the Dungeon.
You visited 1 branch of the dungeon, and saw 2 of its levels.

You collected 22 gold pieces.

Inventory:

Hand Weapons
 a - a +0 long sword (weapon)
 b - a +0 heavy hand axe
Armour
 c - a +0 scale mail (worn)
 g - a +0 buckler (worn)
Jewellery
 f - a +6 ring of dexterity (left hand)
Scrolls
 e - 3 scrolls of identify {unknown}
Potions
 d - a potion of might


   Skills:
 + Level 4.2 Fighting
 + Level 2.9 Long Blades
 + Level 4.0 Armour
 + Level 4.0 Shields


You had 2 spell levels left.
You didn't know any spells.
Your spell library was empty.

Dungeon Overview and Level Annotations

Branches:
Dungeon (1/15)

Altars:


Innate Abilities, Weirdness & Mutations

You have a pair of horns on your head.
You reflexively headbutt those who attack you in melee.


Message History

A rat is nearby!
A rat is nearby!
A rat is nearby!
Found a stone staircase leading down.
The rat misses you.
A rat comes into view.
You block the rat's attack.
You see here 13 gold pieces.
You slash the rat!
You kill the rat!
You see here a rat corpse.
You see here 13 gold pieces.
You block the rat's attack.
You hit the rat but do no damage. You headbutt the rat.
You kill the rat!
A goblin comes into view. It is wielding a +0 dagger of venom.
The goblin shouts!
A goblin is nearby!
A goblin is nearby!
The goblin hits you but does no damage.
You are poisoned.
You closely miss the goblin.
You feel very sick.
The goblin hits you with a +0 dagger of venom.
You are more poisoned.
The goblin hits you with a +0 dagger of venom.
You are lethally poisoned!
You closely miss the goblin.
You feel extremely sick.
The goblin hits you with a +0 dagger of venom.
You are more poisoned.
You hit the goblin. Your headbutt misses the goblin.
The goblin is severely wounded.
* * * LOW HITPOINT WARNING * * *
You feel extremely sick. The goblin closely misses you.
You slash the goblin!
You kill the goblin!
* * * LOW HITPOINT WARNING * * *
You feel extremely sick.
You die...

#.# #... #.... ##...#
.....# ##.....#
##......#
#.####.@.....#
#............##
#..####........
#..#....#.#....
##..#.##.###.###
###............#
..........$..#....
######...!...†..###..
#.....†...........#


There were no monsters in sight!

Vanquished Creatures
  2 adders (D:2)
  A worm (D:2)
  3 giant cockroaches (D:2)
  A quokka (D:2)
  A frilled lizard (D:2)
  2 goblins (D:2)
  3 rats (D:2)
13 creatures vanquished.

Notes
Turn   | Place    | Note
-------+----------+-------------------------------------------
     0 | D:1      | Peloso the Minotaur Fighter began the quest for the Orb.
     0 | D:1      | Reached XP level 1. HP: 19/19 MP: 0/0
    73 | D:1      | You fall into a shaft and drop 1 floor!
   207 | D:2      | Reached XP level 2. HP: 17/27 MP: 1/1
   459 | D:2      | Reached XP level 3. HP: 33/33 MP: 2/2
   481 | D:2      | HP: 1/33 [poisoned by a goblin]
   482 | D:2      | Succumbed to a goblin's poison

Illustrated notes

Levels and vault maps discovered:
D:1:      dpeg_arrival_signposts, layout_loops_corners
D:2:      layout_loops_ring, nrook_uturn, uniq_terence

Skill      XL: |  1  2 |
---------------+-------+-----
Fighting       | 4 |  4.2
Armour         | 4 |  4.0
Shields        | 4 |  4.0
Long Blades    | |  2.9

Action                     || total
---------------------------++-------
  Melee: Long sword        ||    31
         Headbutt          ||     6
 Armour: Scale mail        ||    12
  Dodge: Dodged            ||     7
  Block: Buckler           ||     8
